 Dungeon Crawl Stone Soup version 0.16.2-12-gd0ad4c3 (webtiles) character file.

61 faibistes the Magician (level 3, 0/19 HPs)
             Began as a Deep Elf Wizard on Apr 21, 2018.
             Slain by a jackal (1 damage)
             ... on level 3 of the Dungeon.
             The game lasted 00:04:51 (2561 turns).

faibistes the Magician (Deep Elf Wizard)            Turns: 2561, Time: 00:04:52

Health: 0/19       AC:  2    Str:  4    XL:     3   Next: 83%
Magic:  14/14      EV: 13    Int: 23    God:
Gold:   57         SH:  0    Dex: 13    Spells: 6 memorised, 0 levels left

rFire  . . .     SeeInvis .     i - +0 dagger
rCold  . . .     Clarity  .     a - +0 robe
rNeg   . . .     SustAb   .     (no shield)
rPois  .         Gourm    .     b - +0 hat
rElec  .         Spirit   .     (no cloak)
rCorr  .         Warding  .     (no gloves)
rMut   .         Stasis   .     (no boots)
MR     .....                    (no amulet)
Stlth  ++........               (no ring)
                                (no ring)

@: repel missiles, not resistant to hostile enchantments, unstealthy
A: no striking features
a: no special abilities


You were on level 3 of the Dungeon.
You were not hungry.

You visited 1 branch of the dungeon, and saw 3 of its levels.

You collected 57 gold pieces.

Inventory:

Hand weapons
 e - a +0 club
 i - a +0 dagger (weapon)
Armour
 a - a +0 robe (worn)
 b - a +0 hat (worn)
Magical devices
 t - a wand of digging (17)
Scrolls
 g - 2 scrolls of remove curse {unknown}
 k - a scroll of recharging {unknown}
 m - a scroll of identify {unknown}
 p - a scroll of teleportation {unknown}
 q - a scroll of immolation {unknown}
Potions
 f - a potion of curing
 j - 2 potions of ambrosia {unknown}
 l - a potion of invisibility {unknown}
 n - 2 potions of brilliance {unknown}
 s - a potion of cancellation {unknown}
Books
 c - a book of Minor Magic

   Spells                             Type                      Level
   a - Magic Dart                     Conjuration                  1
   b - Blink                          Translocation                2
   c - Call Imp                       Summoning                    2
   d - Repel Missiles                 Charms/Air                   2
   e - Slow                           Hexes                        2
   f - Conjure Flame                  Conjuration/Fire             3
   g - Mephitic Cloud                 Conjuration/Poison/Air       3
Comestibles
 d - a bread ration
 h - 4 chunks of flesh
 o - a meat ration
 r - a beef jerky


   Skills:
 + Level 3.0 Dodging
 - Level 2.4 Stealth
 * Level 5.6 Spellcasting
 * Level 2.5 Conjurations
 - Level 1.1 Summonings
 - Level 1.1 Translocations


You couldn't memorise any spells.
You knew the following spells:

 Your Spells              Type           Power        Failure   Level  Hunger
a - Magic Dart            Conj           ###.         3%          1    None
b - Conjure Flame         Conj/Fire      ##......     17%         3    ##.....
c - Call Imp              Summ           ##......     10%         2    None
d - Blink                 Tloc           N/A          10%         2    None
e - Mephitic Cloud        Conj/Pois/Air  ##......     21%         3    ##.....
f - Repel Missiles        Chrm/Air       #.....       17%         2    None


Dungeon Overview and Level Annotations

Branches:
Dungeon (3/15)

Altars:
Dithmenos

Annotations:
D:3 Jessica


Message History

t - a wand of digging
Things that are here:
a dagger; a mace; a leather armour
There is a stone staircase leading down, spattered with blood here.
You climb downwards.
Level annotation: Jessica The jackal barks!
The jackal barely misses you. The orc hits you.
The orc hits you but does no damage.
The jackal bites you but does no damage.
The goblin barely misses you. The orc hits you with a short sword.
The orc barely misses you. x2
There is a stone staircase leading up here.
The jackal bites you. The goblin hits you. The rat bites you.
The orc hits you with a short sword.
* * * LOW HITPOINT WARNING * * *
The orc hits you.
* * * LOW HITPOINT WARNING * * *
The jackal bites you.
You die...

... #.#.....#
........#
#).......#
#..@......# .
.........#
..$###..o......
.......ogoh......
........@.)o.....
#...###roh.......
#.........
##........
##....... #.....
##.. .


You could see Jessica, 5 orcs, 2 jackals, a goblin and a rat.

Vanquished Creatures
  A giant mite (D:1)
  A worm (D:1)
  3 giant geckos
  An ooze (D:1)
  An orc (D:2)
  A giant cockroach (D:1)
  5 goblins (D:1)
  5 hobgoblins
  2 jackals
  2 kobolds (D:2)
  A quokka (D:2)
  5 bats (D:1)
  3 giant newts
  6 rats
37 creatures vanquished.

Vanquished Creatures (collateral kills)
  A hobgoblin (D:1)
  4 jackals (D:2)
  2 goblins (D:1)
7 creatures vanquished.

Grand Total: 44 creatures vanquished

Notes
Turn   | Place    | Note
--------------------------------------------------------------
     0 | D:1      | faibistes, the Deep Elf Wizard, began the quest for the Orb.
     0 | D:1      | Reached XP level 1. HP: 10/10 MP: 6/6
   508 | D:1      | Reached XP level 2. HP: 15/15 MP: 7/10
   522 | D:1      | Learned a level 2 spell: Blink
   525 | D:1      | Learned a level 2 spell: Call Imp
   568 | D:2      | Reached skill level 5 in Spellcasting
   680 | D:2      | Found a shadowy altar of Dithmenos.
  1021 | D:1      | Reached XP level 3. HP: 19/19 MP: 12/14
  1026 | D:1      | Learned a level 3 spell: Conjure Flame
  1030 | D:1      | Learned a level 3 spell: Mephitic Cloud
  1822 | D:1      | Learned a level 2 spell: Repel Missiles
  2329 | D:3      | Noticed Jessica
  2561 | D:3      | Slain by a jackal

Action                   || total
-------------------------++-------
Melee: Dagger            ||     9
 Cast: Magic Dart        ||   104
       Call Imp          ||     6
       Mephitic Cloud    ||     1
       Repel Missiles    ||     1
  Use: Potion            ||     2
  Eat: Chunk             ||     5
